 Dungeon Crawl Stone Soup version 0.28-a0-643-g84cb2ea78e (webtiles) character file.

Game seed: 4210186028396087632

134 lawman0 the Covert (level 5, -1/47 HPs)
             Began as a Gnoll Delver on Oct 10, 2021.
             Was a Follower of Fedhas.
             Slain by a shadow imp (2 damage)
             ... summoned by Natasha
             ... on level 2 of the Dungeon.
             The game lasted 00:05:12 (2167 turns).

lawman0 the Covert (Gnoll Delver)                   Turns: 2167, Time: 00:05:12

Health: -1/47      AC:  3    Str: 12    XL:     5   Next: 17%
Magic:  7/7        EV: 13    Int: 10    God:    Fedhas [*.....]
Gold:   49         SH:  0    Dex: 13    Spells: 6/6 levels left

rFire   . . .      SeeInvis .   a - +0 falchion
rCold   . . .      Faith    .   (no shield)
rNeg    . . .      Spirit   .   b - +0 leather armour
rPois   .          Reflect  .   (no helmet)
rElec   .          Harm     .   (no cloak)
rCorr   .          Rampage  .   (no gloves)
Will    .....                   (no boots)
Stlth   ++++......              (no amulet)
HPRegen 0.15/turn               (no ring)
MPRegen 0.10/turn               (no ring)

@: mighty, slowed, unable to read, very slow
A: fangs 1, strong nose, distributed training, inability to read while
threatened, sturdy frame 1
a: Renounce Religion


You were on level 2 of the Dungeon.
You worshipped Fedhas.
Fedhas was aware of your devotion.
You visited 2 branches of the dungeon, and saw 6 of its levels.

You collected 49 gold pieces.

Inventory:

Hand Weapons
 a - a +0 falchion (weapon)
Armour
 b - a +0 leather armour (worn)
Magical Staves
 h - a staff of conjuration
Wands
 g - a wand of digging (3)
Scrolls
 c - a scroll of fog
 e - 2 scrolls of fear
 f - a scroll of identify {unknown}
Potions
 d - a potion of flight


   Skills:
 + Level 6.6 Fighting
 + Level 1.4 Short Blades
 + Level 4.7 Long Blades
 + Level 1.4 Axes
 + Level 1.4 Maces & Flails
 + Level 1.4 Polearms
 + Level 1.4 Staves
 + Level 1.4 Slings
 + Level 1.4 Bows
 + Level 1.4 Crossbows
 + Level 1.4 Throwing
 + Level 1.4 Armour
 + Level 4.7 Dodging
 + Level 9.6 Stealth
 + Level 1.4 Shields
 + Level 1.4 Unarmed Combat
 + Level 1.4 Spellcasting
 + Level 1.1 Conjurations
 + Level 1.1 Hexes
 + Level 1.1 Summonings
 + Level 1.1 Necromancy
 + Level 1.1 Translocations
 + Level 1.1 Transmutations
 + Level 1.1 Fire Magic
 + Level 1.1 Ice Magic
 + Level 1.1 Air Magic
 + Level 1.1 Earth Magic
 + Level 1.1 Poison Magic
 + Level 1.5 Invocations
 + Level 1.4 Evocations


You had 6 spell levels left.
You didn't know any spells.
Your spell library contained the following spells:

 Spells                   Type           Power      Damage    Failure   Level
 Static Discharge         Conj/Air       2%         N/A       32%         2
 Lightning Bolt           Conj/Air       1%         1d12      99%         5
 Maxwell's Capacitive Co  Air            1%         ∞         100%        8


Dungeon Overview and Level Annotations

Branches:
Dungeon (5/15)             Temple (1/1) D:5

Altars:
Ashenzari
Dithmenos
Elyvilon
Fedhas
Gozag
Hepliaklqana
Makhleb
Nemelex Xobeh
Okawaru
Qazlal
Ru
Trog
Uskayaw
Vehumet
Wu Jian
Xom
Yredelemnul
Zin
The Shining One

Annotations:
D:2 Natasha
D:4 1 transporter


Innate Abilities, Weirdness & Mutations

You have very sharp teeth.
Your uncanny sense of smell can sniff out nearby items.
Your experience applies equally to all skills.
You sometimes lose the ability to read scrolls when taking damage.
Your movements are slightly less encumbered by armour. (ER -2)


Message History

The magic dart hits you.
The quokka bites you but does no damage.
The shadow imp hits you. Natasha claws you but does no damage.
The quokka closely misses you.
You barely miss Natasha. You bite Natasha.
Natasha is lightly wounded.
The shadow imp misses you. Natasha claws you. The quokka bites you.
The shadow imp barely misses you. The quokka closely misses you.
Natasha misses you.
You hit Natasha.
Natasha is moderately wounded.
You can read scrolls again.
The quokka closely misses you. The shadow imp barely misses you.
Natasha stares at you and mumbles some strange words.
The magic dart hits you!
You feel threatened and lose the ability to read scrolls!
The quokka closely misses you. The shadow imp closely misses you.
You closely miss Natasha.
Natasha is moderately wounded.
Natasha closely misses you. The quokka bites you.
* * * LOW HITPOINT WARNING * * *
The shadow imp picks up a beetle and eats it.
The shadow imp barely misses you.
Natasha stares at you and mumbles some strange words.
You feel as though you will be slow longer.
It was a potion of might.
You feel very mighty all of a sudden. The quokka bites you.
* * * LOW HITPOINT WARNING * * *
The shadow imp closely misses you. Natasha claws you!
* * * LOW HITPOINT WARNING * * *
The quokka barely misses you. The shadow imp misses you.
Unknown command.
You hit Natasha.
Natasha is heavily wounded.
The quokka barely misses you. Natasha claws you.
* * * LOW HITPOINT WARNING * * *
The shadow imp hits you.
You die...
Fedhas appreciates your contribution to the ecosystem.

... r.........# ..
.........#. .. ...........
... .h......# #.# #.......#
######.### #.......# ##
##...##..5###.......## .#
##........r@##.!......#
.#####...........h...!.....#
....##................#.....
.##.##..........?...#.# ...(
.##..............$###.# ...
.......#........†## .# ..
......<#.#..####.## .# .
................).# ##
..†.............#.#


You could see Natasha, a shadow imp (summoned) and a quokka.

Vanquished Creatures
  A hound (D:5)
  An iguana (D:1)
  Natasha (twice) (D:2)
  A dart slug (D:1)
  7 ball pythons
  4 bats
  3 endoplasms (D:1)
  A giant cockroach (D:4)
  A hobgoblin (D:1)
  2 kobolds
  A frilled lizard (D:1)
  2 goblins (D:1)
  5 rats
31 creatures vanquished.

Vanquished Creatures (others)
  A fungus (D:1)
  2 plants (D:1)
3 creatures vanquished.

Grand Total: 34 creatures vanquished

Notes
Turn   | Place    | Note
-------+----------+-------------------------------------------
     0 | D:5      | Reached skill level 9 in Stealth
     0 | D:5      | lawman0 the Gnoll Delver began the quest for the Orb.
     0 | D:5      | Reached XP level 1. HP: 23/23 MP: 1/1
    26 | D:5      | Found a glowing golden altar of the Shining One.
    35 | D:5      | Noticed a hound
    43 | D:5      | Killed a hound
    44 | D:5      | Reached XP level 2. HP: 15/29 MP: 2/2
    44 | D:5      | Reached XP level 3. HP: 18/35 MP: 3/3
   223 | D:5      | Found a staircase to the Ecumenical Temple.
   229 | Temple   | Entered the Ecumenical Temple
   413 | Temple   | Became a worshipper of Fedhas Madash
   464 | D:4      | Found a transporter.
   466 | D:4      | Noticed a scorpion
   517 | D:4      | Noticed an ogre
   527 | D:4      | Noticed a scorpion
   555 | D:3      | Noticed a sky beast
   603 | D:2      | Noticed Natasha
   611 | D:2      | Killed Natasha
   612 | D:2      | Reached skill level 1 in Short Blades
   612 | D:2      | Reached skill level 1 in Axes
   612 | D:2      | Reached skill level 1 in Maces & Flails
   612 | D:2      | Reached skill level 1 in Polearms
   612 | D:2      | Reached skill level 1 in Staves
   612 | D:2      | Reached skill level 1 in Slings
   612 | D:2      | Reached skill level 1 in Bows
   612 | D:2      | Reached skill level 1 in Crossbows
   612 | D:2      | Reached skill level 1 in Throwing
   612 | D:2      | Reached skill level 1 in Armour
   612 | D:2      | Reached skill level 1 in Shields
   612 | D:2      | Reached skill level 1 in Unarmed Combat
   612 | D:2      | Reached skill level 1 in Spellcasting
   612 | D:2      | Reached skill level 1 in Invocations
   612 | D:2      | Reached skill level 1 in Evocations
   647 | D:1      | Reached XP level 4. HP: 17/41 MP: 5/5
   668 | D:1      | Found a faded altar of an unknown god.
   687 | D:1      | Gained mutation: You sometimes lose the ability to read
                  | scrolls when taking damage. [potion of mutation]
   687 | D:1      | Gained mutation: Your movements are slightly less
                  | encumbered by armour. (ER -2) [potion of mutation]
   984 | D:1      | Reached skill level 1 in Conjurations
   984 | D:1      | Reached skill level 1 in Hexes
   984 | D:1      | Reached skill level 1 in Summonings
   984 | D:1      | Reached skill level 1 in Necromancy
   984 | D:1      | Reached skill level 1 in Translocations
   984 | D:1      | Reached skill level 1 in Transmutations
   984 | D:1      | Reached skill level 1 in Fire Magic
   984 | D:1      | Reached skill level 1 in Ice Magic
   984 | D:1      | Reached skill level 1 in Air Magic
   984 | D:1      | Reached skill level 1 in Earth Magic
   984 | D:1      | Reached skill level 1 in Poison Magic
  1571 | D:1      | Reached * piety under Fedhas
  1979 | D:2      | Noticed Natasha
  1999 | D:2      | Killed Natasha
  2000 | D:2      | Reached XP level 5. HP: 28/47 MP: 5/7
  2149 | D:2      | Noticed Natasha
  2167 | D:2      | HP: 1/47 [Natasha (3)]
  2167 | D:2      | Slain by a shadow imp

Illustrated notes

Levels and vault maps discovered:
D:1:      dpeg_arrival_round_b, layout_loops_corners,
          shapermc_ecumenical_altar_hornbeckon
D:2:      layout_rooms, kennysheep_nub, uniq_natasha
D:3:      layout_basic, kennysheep_jessica_study
D:4:      layout_rooms, gammafunk_ghost_arena
D:5:      layout_basic, kennysheep_little_box,
          minmay_temple_entry_enclosed_plants
Temple:   regret_index_temple_mists

Skill      XL: |  1  2  3  4 |
---------------+-------------+-----
Stealth        | |  9.6
Short Blades   | 1 |  1.4
Axes           | 1 |  1.4
Maces & Flails | 1 |  1.4
Polearms       | 1 |  1.4
Staves         | 1 |  1.4
Slings         | 1 |  1.4
Bows           | 1 |  1.4
Crossbows      | 1 |  1.4
Throwing       | 1 |  1.4
Armour         | 1 |  1.4
Shields        | 1 |  1.4
Unarmed Combat | 1 |  1.4
Spellcasting   | 1 |  1.4
Invocations    | 1 |  1.5
Evocations     | 1 |  1.4
Conjurations   | 1 |  1.1
Hexes          | 1 |  1.1
Summonings     | 1 |  1.1
Necromancy     | 1 |  1.1
Translocations | 1 |  1.1
Transmutations | 1 |  1.1
Fire Magic     | 1 |  1.1
Ice Magic      | 1 |  1.1
Air Magic      | 1 |  1.1
Earth Magic    | 1 |  1.1
Poison Magic   | 1 |  1.1
Fighting       | |  6.6
Long Blades    | |  4.7
Dodging        | |  4.7

Action                   |  1- 3 |  4- 6 || total
-------------------------+-------+-------++-------
Melee: Falchion          |    17 |   108 ||   125
       Bite              |       |    10 ||    10
  Use: Scroll            |     1 |       ||     1
       Potion            |     1 |     5 ||     6
 Stab: Sleeping          |     2 |     7 ||     9
Armor: Leather armour    |     5 |    22 ||    27
       Skin              |       |     6 ||     6
Dodge: Dodged            |    23 |    84 ||   107

Table legend: (Time is in decaauts)
 A = Elapsed time spent in this place.
 B = Non-inter-level travel time spent in this place.
 C = Inter-level travel time spent in this place.
 D = Time resting spent in this place.
 E = Time spent auto-exploring this place.
 F = Levels seen in this place.
 G = Mean time per level.
                   A        B        C        D        E       F      G
               +--------+--------+--------+--------+--------+-----+--------+
         Total |   2251 |   2208 |     43 |    612 |    978 |   6 |  375.2 |
       Dungeon |   1979 |   1962 |     17 |    612 |    794 |   5 |  395.8 |
        Temple |    271 |    245 |     26 |      0 |    184 |   1 |  271.0 |
               +--------+--------+--------+--------+--------+-----+--------+

Top non-repeatable levels by time:
     D:1: 1433 daAuts
  Temple: 271 daAuts
     D:5: 247 daAuts
     D:2: 148 daAuts
     D:4: 78 daAuts
     D:3: 71 daAuts
